 Dungeon Crawl Stone Soup version 0.20-a0-945-g3bf614a (webtiles) character file.

35598 nikopol the Spear-Bearer (level 13, 0/126 HPs)
             Began as a Gargoyle Berserker on Apr 1, 2017.
             Was a High Priest of Trog.
             Slain by a yak (8 damage)
             ... on level 6 of the Lair of Beasts.
             The game lasted 00:53:08 (16159 turns).

nikopol the Spear-Bearer (Gargoyle Berserker)      Turns: 16159, Time: 00:53:09

Health: 0/126      AC: 25    Str: 27    XL:     13   Next: 84%
Magic:  4/4        EV: 19    Int:  9    God:    Trog [*****.]
Gold:   1171       SH:  0    Dex: 16    Spells: 12/12 levels left

rFire    . . .     SeeInvis .   a - +2 trident (antimagic)
rCold    . . .     Gourm    .   (no shield)
rNeg     + . .     Faith    .   p - +0 chain mail
rPois    ∞         Spirit   .   Y - +1 helmet
rElec    +         Reflect  .   (no cloak)
rCorr    .         Harm     .   (no gloves)
MR       .....                  v - +0 pair of boots
Stlth    ..........             k - amulet of regeneration
Regen    0.8/turn               w - +4 ring of dexterity
MPRegen  0.1/turn               L - +5 ring of evasion

@: berserking, very quick
A: negative energy resistance 1, electricity resistance, unbreathing,
petrification resistance, rot immunity, AC +9
a: Berserk, Trog's Hand, Brothers in Arms, Burn Spellbooks, Renounce Religion


You were on level 6 of the Lair of Beasts.
You worshipped Trog.
Trog was extremely pleased with you.
You were near starving.

You visited 2 branches of the dungeon, and saw 16 of its levels.

You collected 1171 gold pieces.

Inventory:

Hand Weapons
 a - a +2 antimagic trident (weapon)
 q - a +0 hand axe
 z - a +2 shortbow of freezing
 M - a +2 trident of piercing
 R - a +2 battleaxe
Missiles
 h - 255 arrows (quivered)
Armour
 b - a +0 animal skin
 p - a +0 chain mail (worn)
 v - a +0 pair of boots (worn)
 Y - a +1 helmet (worn)
 Z - a +2 plate armour of poison resistance
Jewellery
 k - an amulet of regeneration (around neck)
 w - a +4 ring of dexterity (left hand)
 x - an uncursed ring of flight
 D - an uncursed amulet of rage {unknown}
 F - an uncursed amulet of faith {unknown}
 K - an uncursed ring of see invisible
 L - a +5 ring of evasion (right hand)
 Q - an uncursed ring of positive energy
 T - an uncursed ring of protection from magic {unknown}
 X - an uncursed ring of protection from fire
Wands
 f - a wand of disintegration (24/24)
 I - a wand of lightning (11/15)
 N - a wand of polymorph (14/24)
 W - a wand of enslavement (17/24)
Scrolls
 e - 11 scrolls of remove curse
 l - a scroll of fear
 s - 7 scrolls of teleportation
 y - a scroll of enchant armour
 C - 3 scrolls of blinking
 E - a scroll of fog
 G - 2 scrolls of recharging
 P - 5 scrolls of identify
 S - a scroll of magic mapping
Potions
 d - a potion of degeneration {unknown}
 i - 6 potions of agility
 j - 4 potions of haste
 m - 4 potions of flight
 n - 6 potions of curing
 r - a potion of berserk rage
 t - 6 potions of brilliance
 A - 2 potions of magic {unknown}
 B - 3 potions of might
 H - a potion of resistance {unknown}
 O - 2 potions of lignification {unknown}
 U - a potion of heal wounds {unknown}
 V - 2 potions of invisibility
Comestibles
 c - 12 bread rations
 g - 16 fruits
 o - 2 royal jellies
 u - 6 meat rations


   Skills:
 + Level 10.9 Fighting
 - Level 3.3(8.0) Axes
 * Level 11.2(11.4) Polearms
 * Level 11.2 Bows
 + Level 10.6 Armour
 + Level 8.2 Dodging


You had 12 spell levels left.
You didn't know any spells.

Dungeon Overview and Level Annotations

Branches:
Dungeon (10/15)            Temple (0/1) D:6            Lair (6/6) D:10
 Shoals (0/4) Lair:4       Spider (0/4) Lair:3
  Slime: Lair:5-6       Orc: D:9-12

Altars:
Dithmenos
Elyvilon
Hepliaklqana
Ru
Sif Muna

Shops:
D:4 (   D:5 *:   D:6 (   D:8 (   D:9 *

Annotations:
D:6 1 runed door


Innate Abilities, Weirdness & Mutations

You are resistant to torment.
Your stone body is resilient. (AC +9)
You are immune to poison.
You resist negative energy. (rN+)
You are resistant to electric shocks. (rElec)
You can survive without breathing.
You are immune to petrification.
You are immune to rotting.


Message History

The crocodile closely misses you.
The blink frog blinks!
The tyrant leech bites you but does no damage.
You closely miss the crocodile.
The crocodile is severely wounded.
The bullfrog barely misses you.
The tyrant leech bites you but does no damage.
The blink frog blinks!
You impale the crocodile!!
You kill the crocodile!
Trog accepts your kill. The bullfrog misses you.
The yak gores you but does no damage.
You puncture the yak!
The yak is moderately wounded.
The blink frog blinks!
The tyrant leech misses you.
The bullfrog hits you but does no damage.
The tyrant leech closely misses you. The yak misses you.
You impale the yak!!
The yak is almost dead.
The yak gores you!
You die...

.......P≈≈≈≈≈
...≈≈.≈≈≈.≈≈≈≈F #≈≈≈
.....≈≈≈≈≈≈.≈≈≈####≈≈≈
.....≈≈≈≈≈≈≈≈≈≈≈≈.#≈≈≈
P≈.P≈≈≈P≈≈≈≈≈≈≈≈≈≈≈≈≈
#P...≈≈≈≈≈≈≈≈§≈Y.P≈###
#.≈≈†≈≈≈≈≈≈P≈≈≈YP≈≈≈≈###
...P≈≈≈≈≈≈≈≈≈≈.YP.:)≈≈.≈
...≈≈≈≈≈≈≈≈≈≈≈≈Y@%=[P≈≈≈
÷≈.≈P≈≈≈≈≈≈≈≈.≈Fwwy≈≈≈.≈
.÷.≈≈≈≈≈≈≈≈P≈##≈≈≈≈≈≈.≈P
.#.≈≈≈≈≈≈≈#######≈≈F.≈≈≈
.#.P≈P#≈### ≈≈≈≈≈≈≈
##.≈##### ≈#≈≈≈≈≈ .####
≈####≈≈ .# ≈≈.P≈≈ ## ≈(
.. P≈≈..≈


You could see 2 tyrant leeches, 4 yaks, a blink frog, a vampire mosquito and 2
bullfrogs.

Vanquished Creatures
  3 hydras
  A catoblepas (Lair:5)
  A two-headed ogre (D:9)
  The ghost of StylePro the Cleaver, a novice MiBe of Trog (D:10)
  Urug (Lair:3)
  Nergalle (Lair:4)
  Pikel (D:8)
  2 ugly things
  6 black mambas
  A torpor snail (Lair:4)
  A rime drake (Lair:2)
  18 spiny frogs
  4 komodo dragons
  A hornet (D:9)
  A troll (D:9)
  2 tyrant leeches (Lair:6)
  6 jumping spiders (Lair:3)
  11 blink frogs
  6 hippogriffs
  3 redbacks (Lair:3)
  28 yaks
  A steam dragon (D:8)
  4 basilisks
  2 wyverns (Lair:4)
  5 vampire mosquitoes (Lair:6)
  2 insubstantial wisps (D:8)
  9 water moccasins
  5 sky beasts
  2 ice beasts
  3 porcupines
  A black bear (D:9)
  A necrophage (D:4)
  3 phantoms
  11 wolves
  6 ogres
  5 centaurs
  11 crocodiles
  A big kobold (D:9)
  19 bullfrogs
  A wyvern skeleton (D:8)
  2 scorpions
  A water moccasin skeleton (D:4)
  3 killer bees (D:9)
  8 wights (D:9)
  2 electric eels
  A bullfrog zombie (D:5)
  4 crimson imps
  A centaur zombie (D:9)
  4 orc priests
  A jelly (D:9)
  A hound (D:4)
  6 orc wizards
  2 gnoll shamans
  Ijyb (D:5)
  Jessica (D:5)
  3 iguanas
  3 worker ants (D:10)
  A hound skeleton (D:4)
  2 hound zombies
  2 worker ant zombies
  11 gnolls
  A river rat (D:3)
  3 adders
  2 shadow imps (D:10)
  2 oozes
  An adder zombie (D:5)
  4 worms
  A dart slug (D:2)
  A leopard gecko (D:7)
  26 orcs
  4 giant cockroaches
  6 goblins
  4 hobgoblins
  7 jackals
  3 quokkas
  A ball python (D:1)
  6 bats
  6 frilled lizards
  A jackal skeleton (D:4)
  8 kobolds
  5 rats
  6 fungi
  3 plants (Lair:3)
352 creatures vanquished.

Vanquished Creatures (collateral kills)
  6 blink frogs
  4 dream sheep (Lair:4)
10 creatures vanquished.

Vanquished Creatures (others)
  A sky beast (D:8)
  A slave (D:8)
  18 fungi
  39 plants
59 creatures vanquished.

Grand Total: 421 creatures vanquished

Notes
Turn   | Place    | Note
-------+----------+-------------------------------------------
     0 | D:1      | nikopol the Gargoyle Berserker began the quest for the Orb.
     0 | D:1      | Reached XP level 1. HP: 14/14 MP: 1/1
   392 | D:1      | Reached XP level 2. HP: 14/19 MP: 2/2
   944 | D:2      | Reached XP level 3. HP: 14/23 MP: 3/3
  1360 | D:2      | Reached ** piety under Trog
  1547 | D:3      | Reached XP level 4. HP: 19/29 MP: 4/4
  1638 | D:3      | Found a shadowy altar of Dithmenos.
  1999 | D:3      | Reached XP level 5. HP: 28/33 MP: 1/5
  2381 | D:3      | Reached skill level 1 in Polearms
  2607 | D:4      | Reached XP level 6. HP: 16/39 MP: 2/6
  3165 | D:4      | Noticed a necrophage
  3178 | D:4      | Killed a necrophage
  3178 | D:4      | Reached skill level 5 in Fighting
  3178 | D:4      | Reached XP level 7. HP: 42/44 MP: 2/7
  3272 | D:4      | Found Nemew's Antique Weapon Boutique.
  3435 | D:5      | Entered Level 5 of the Dungeon
  3534 | D:5      | Noticed Ijyb
  3547 | D:5      | Killed Ijyb
  3677 | D:5      | Reached skill level 5 in Armour
  3677 | D:5      | Reached XP level 8. HP: 16/50 MP: 2/8
  3792 | D:5      | Reached skill level 1 in Bows
  4057 | D:5      | Found Qotysch's Book Emporium.
  4089 | D:5      | Noticed Jessica
  4094 | D:5      | Killed Jessica
  4100 | D:5      | Found a deep blue altar of Sif Muna.
  4144 | D:5      | Reached *** piety under Trog
  4307 | D:5      | Found Saysk's Assorted Antiques.
  4630 | D:6      | Found a staircase to the Ecumenical Temple.
  4809 | D:6      | Found a white marble altar of Elyvilon.
  4809 | D:6      | Found a runed door.
  4809 | D:6      | Noticed an angel
  4946 | D:6      | Found Imosk's Weapon Shop.
  5114 | D:7      | Reached skill level 5 in Polearms
  5118 | D:7      | Reached XP level 9. HP: 44/55 MP: 3/9
  5232 | D:7      | Found a hazy altar of Hepliaklqana.
  5943 | D:8      | Reached **** piety under Trog
  6050 | D:8      | Received a gift from Trog
  6254 | D:8      | Reached skill level 5 in Dodging
  6440 | D:8      | Found Afrutteh's Weapon Shoppe.
  6487 | D:8      | Noticed a brown ugly thing
  6504 | D:8      | Killed a brown ugly thing
  6504 | D:8      | Reached skill level 5 in Bows
  6504 | D:8      | Reached XP level 10. HP: 31/63 MP: 3/10
  6596 | D:8      | Noticed Pikel
  6642 | D:8      | Killed Pikel
  6671 | D:8      | Found a sacrificial altar of Ru.
  7272 | D:9      | Noticed a two-headed ogre
  7281 | D:9      | Killed a two-headed ogre
  7449 | D:9      | Found Astri's Island Escapes.
  7730 | D:9      | Noticed a purple ugly thing
  7761 | D:9      | Killed a purple ugly thing
  7952 | D:9      | Reached XP level 11. HP: 66/68 MP: 3/11
  8193 | D:10     | Entered Level 10 of the Dungeon
  8208 | D:10     | Noticed StylePro's ghost (novice MiBe)
  8482 | D:10     | Killed StylePro's ghost
  8634 | D:10     | Found a staircase to the Lair.
  9046 | Lair:1   | Entered Level 1 of the Lair of Beasts
  9392 | Lair:1   | Received a gift from Trog
 10837 | Lair:2   | Reached XP level 12. HP: 66/76 MP: 4/12
 11486 | Lair:3   | Received a gift from Trog
 11494 | Lair:3   | Reached ***** piety under Trog
 12331 | Lair:3   | Found a hole to the Spider Nest.
 12371 | Lair:3   | Noticed Urug
 12397 | Lair:3   | Killed Urug
 13052 | Lair:4   | Noticed Nergalle
 13102 | Lair:4   | Killed Nergalle
 13133 | Lair:4   | Reached skill level 10 in Polearms
 13319 | Lair:4   | Reached skill level 10 in Bows
 13541 | Lair:4   | Reached skill level 10 in Fighting
 13740 | Lair:4   | Found a staircase to the Shoals.
 13957 | Lair:4   | Noticed an eight-headed hydra
 13966 | Lair:4   | Killed an eight-headed hydra
 13966 | Lair:4   | Reached skill level 10 in Armour
 13966 | Lair:4   | Reached XP level 13. HP: 82/82 MP: 13/13
 15427 | Lair:6   | Entered Level 6 of the Lair of Beasts
 16154 | Lair:6   | HP: 6/126 [blink frog (10)]
 16159 | Lair:6   | Slain by a yak

Vault maps used:
D:1:      dpeg_arrival_three_same_balls
D:3:      gup_sewer_entry_spiral, grunt_dithmenos_smoke_and_mirrors
D:4:      first_bread, serial_shops, shop
D:5:      serial_shops, nicolae_shop_overgrown_old_shop, shop, tgw_sif,
          uniq_iyjb
D:6:      temple_green, serial_shops, shop, lemuel_angel_altar
D:7:      lemuel_doored_altar, grunt_ogre_cave
D:8:      serial_shops, shop, basic_altar, hangedman_misty_isle, uniq_pikel
D:9:      nicolae_island_escapes
D:10:     lair_entry_dummy
Lair:1:   beast_lair_carwin_11, serial_bayou_shore_a, lemuel_fruit_fields,
          grunt_megastairs_5
Lair:2:   minivault_19, lemuel_fruit_fields
Lair:3:   nicolae_spider_entry_tight_spaces, uniq_urug
Lair:4:   shoals_dummy_entry, grunt_megastairs_1, uniq_nergalle
Lair:6:   minmay_lair_end_frog_pond, slime_dummy, st_stairs_6, uniq_josephine

Skill      XL: |  1  2  3  4  5  6  7  8  9 10 11 12 13 |
---------------+----------------------------------------+-----
Dodging        | 2 3 4 5 6 7 8 |  8.2
Axes           | 3 |  3.3
Armour         | 3 4 5 6 7 8 10 | 10.6
Fighting       | 4 5 6 7 8 9 10 | 10.9
Polearms       | 1 2 3 5 6 7 9 10 11 | 11.2
Bows           | 3 5 7 8 10 11 | 11.2

Action                   |  1- 3 |  4- 6 |  7- 9 | 10-12 | 13-15 || total
-------------------------+-------+-------+-------+-------+-------++-------
Melee: Hand axe          |   129 |    38 |       |       |       ||   167
       Trident           |       |   180 |   198 |   692 |   390 ||  1460
       Shortbow          |       |       |     3 |       |       ||     3
 Fire: Shortbow          |       |       |   174 |   405 |   213 ||   792
Invok: Berserk           |       |     1 |     5 |     9 |     2 ||    17
       Burn Spellbooks   |       |     1 |       |     1 |       ||     2
       Brothers in Arms  |       |       |       |     1 |     1 ||     2
  Use: Scroll            |     6 |     2 |       |    14 |       ||    22
 Stab: Distracted        |       |       |       |     1 |       ||     1
       Petrified         |       |       |       |       |     1 ||     1
  Eat: Chunk             |     2 |     7 |    13 |    27 |     9 ||    58
       Fruit             |       |       |       |     5 |       ||     5
       Royal jelly       |       |       |       |     1 |       ||     1
Armor: Animal skin       |    28 |       |       |       |       ||    28
       Chain mail        |    36 |   142 |   142 |   397 |   208 ||   925
Dodge: Dodged            |    74 |    81 |   100 |   482 |   435 ||  1172
